 Dungeon Crawl Stone Soup version 0.30-a0-632-g346586fe48 (webtiles) character file.

Game seed: 11662005644855405053

4043 kae the Transmogrifier (level 10, 0/78 HPs)
             Began as a Demonspawn Transmuter on Jan 13, 2023.
             Was an Initiate of Ru.
             Slain by a komodo dragon (20 damage)
             ... on level 9 of the Dungeon.
             The game lasted 00:14:33 (8052 turns).

kae the Transmogrifier (Demonspawn Transmuter)      Turns: 8052, Time: 00:14:33

Health: 0/78       AC: 17    Str: 13    XL:     10   Next: 4%
Magic:  15/19      EV: 10    Int: 20    God:    Ru [......]
Gold:   361        SH:  4    Dex: 14    Spells: 11/21 levels left

rFire   . . .      SeeInvis .      - Unarmed
rCold   + + +      Faith    .    (shield currently unavailable)
rNeg    . . .      Spirit   .    (body armour currently unavailable)
rPois   +          Reflect  .    (helmet currently unavailable)
rElec   +          Harm     .    (cloak currently unavailable)
rCorr   +          Rampage  .    (gloves currently unavailable)
Will    .....                    (boots currently unavailable)
Stlth   +                        (no amulet)
HPRegen 0.33/turn                O - +4 ring of protection
MPRegen 0.16/turn                C - ring of protection from cold

@: ice-form, resistant, wereblooded
A: freezing attack, amphibious, boosted hp, large, (claws 2), icemail 1, big
brain 2, condensation shield, demonic magic 1
a: End Transformation, Renounce Religion, Sacrifice a Hand, Sacrifice Arcana,
Sacrifice Health, Reject Sacrifices


You were on level 9 of the Dungeon.
You worshipped Ru.
Ru was noncommittal.
You were a creature of crystalline ice.
You visited 2 branches of the dungeon, and saw 10 of its levels.
You also visited: Sewer.

You collected 361 gold pieces.


Innate Abilities, Weirdness & Mutations

You are a creature of crystalline ice.
You have a powerful freezing melee attack.
You are amphibious.
Your maximum health is increased.
Your armour is entirely melded.
You are incapable of wielding weapons or throwing items.
((You have very sharp fingernails.))
A meltable icy envelope protects you from harm. (AC +4)
You have an extremely huge brain. (Int +4)
A meltable shield of frost defends you. (SH +4)
Spells you cast may paralyse adjacent enemies.


   Skills:
 - Level 1.0 Fighting
 - Level 1.7 Dodging
 + Level 6.4 Unarmed Combat
 + Level 6.0 Spellcasting
 * Level 8.6 Transmutations
 - Level 6.0 Ice Magic
 - Level 1.6 Poison Magic


You had 11 spell levels left.
You knew the following spells:

 Your Spells              Type           Power      Damage    Failure   Level
a - Beastly Appendage     Tmut           80%        N/A       1%          1
b - Wereblood             Tmut           40%        N/A       1%          2
c - Spider Form           Tmut/Pois      26%        N/A       3%          3
d - Ice Form              Ice/Tmut       35%        N/A       5%          4

Your spell library contained the following spells:

 Spells                   Type           Power      Damage    Failure   Level


Inventory:

Missiles
 c - 18 boomerangs
 d - 84 stones
 l - 14 poisoned darts
 w - 5 atropa-tipped darts
Armour
 a - a +0 robe (melded)
 i - a +0 pair of gloves (melded)
   (You found it on level 4 of the Dungeon)
 k - a +1 cloak (melded)
   (You found it on level 1 of the Dungeon)
 F - +1 swamp dragon scales
   (You took it off Maggie on level 8 of the Dungeon)
Jewellery
 C - a ring of protection from cold (right front paw)
   (You found it on level 2 of the Dungeon)
 O - a +4 ring of protection (left front paw)
   (You found it on level 2 of the Dungeon)
Wands
 u - a wand of paralysis (14)
   (You found it on level 5 of the Dungeon)
 z - a wand of flame (26)
   (You took it off Maurice on level 8 of the Dungeon)
 B - a wand of quicksilver (11)
   (You found it on level 7 of the Dungeon)
 D - a wand of digging (6)
   (You found it on level 7 of the Dungeon)
Scrolls
 e - a scroll of enchant armour
 o - 2 scrolls of fog
 q - 2 scrolls of enchant weapon
 s - 6 scrolls of teleportation {@r4}
 y - a scroll of magic mapping {!r}
Potions
 b - 2 potions of lignification {!q}
 f - 2 potions of heal wounds {unknown}
 g - 2 potions of invisibility
 h - a potion of berserk rage {unknown}
 j - 2 potions of attraction {!q}
 m - 3 potions of ambrosia
 n - 5 potions of might
 p - a potion of mutation {!q}
 r - 2 potions of curing {unknown}
 t - a potion of brilliance {unknown}
 v - a potion of degeneration {!q}
 x - a potion of cancellation {unknown}
 E - a potion of flight {unknown}

Dungeon Overview and Level Annotations

Branches:
Dungeon (9/15) Zot: 26727  Temple (1/1) D:6 Zot: 5800   Sewer (visited)
   Lair: D:8-11         Orc: D:9-12

Altars:
Ashenzari
Cheibriados
Dithmenos
Fedhas
Gozag
Hepliaklqana
Kikubaaqudgha
Makhleb
Nemelex Xobeh
Okawaru
Qazlal
Ru
Sif Muna
Trog
Uskayaw
Vehumet
Wu Jian
Xom
Yredelemnul

Annotations:
D:3 2 runed translucent doors, ma3's ghost, amateur KoEn

### #.. #.. #..
#.# ######.#
########
#......#
#hclY).###
#......#
#coz####...###
#......# #..≈#
###...###......#
...
##....#......# .
##..~.#.+####
##~...#.# #
......~#.#
#.8#.≈~.#.#
#..#≈...#.+


You could see a komodo dragon (slow), an orc warrior, 2 centaurs, a howler
monkey and a wight.


Message History

Key pressed, stopping explore.
You open the door.
There is an open door here.
Ru believes you are ready to make a new sacrifice.
g - 2 potions of invisibility (gained 1)
An orc warrior comes into view. It is wielding a +0 trident.
The orc warrior shouts!
You hear a croak.
You hear a shout!
You hear two shouts!
You hear a bellow!
You hear a howl!
You hear a bellow!
An orc warrior is nearby!
Casting: Ice Form (dangerous; 5% risk of failure)
Confirm with . or Enter, or press ? or * to list all spells.
You turn into a creature of crystalline ice.
Your +1 cloak melds into your body.
Your +0 pair of gloves melds into your body.
Your +0 robe melds into your body.
Malevolent energies surge around you.
A bullfrog comes into view.
A centaur comes into view. 😎 HP[+13] MP[-4]
You now have 78 max hp (+13).
Your hp is fully restored (78).
You lost 4 mp, and now have 14/18 mp.
The orc warrior unwields a +0 trident.
The orc warrior wields a +0 arbalest.
The orc warrior shoots a bolt.
You block the bolt.
You hear a bellow!
You hear a shout!
You hear a croak.
You hear a howl!
You hear a shout! x3
Casting: Ice Form (dangerous; 5% risk of failure)
Confirm with . or Enter, or press ? or * to list all spells.
Your blood is infused with primal strength.
Malevolent energies surge around you.
You hear a loud, deep croak!
You hear a bellow!
You hear a shout! 😎 MP[-1]
You lost 1 mp, and now have 13/18 mp.
You pummel the bullfrog!!
The bullfrog seems to slow down.
You freeze the bullfrog.
The bullfrog hits you but does no damage.
You punch the bullfrog!
The bullfrog seems to slow down.
You freeze the bullfrog.
You kill the bullfrog!
You hit the orc warrior but do no damage.
The orc warrior unwields a +0 arbalest.
The orc warrior wields a +0 trident.
You block the orc warrior's attack.
You hit the orc warrior but do no damage.
The orc warrior hits you with a +0 trident. 😕 HP[-2]
You take 2 damage, and now have 76/78 hp.
You pummel the orc warrior!! You freeze the orc warrior.
The orc warrior hits you but does no damage.
You barely miss the orc warrior.
You hit the orc warrior but do no damage.
The orc warrior hits you with a +0 trident. 😕 MP[+1]
You barely miss the orc warrior.
The orc warrior hits you with a +0 trident!
You punch the orc warrior! You freeze the orc warrior.
You feel a bit better.
You kill the orc warrior!
You howl as the wereblood boils in your veins!
You hear a howl!
Your Spellcasting skill increases to level 6! 😕 HP[-7]
You take 7 damage, and now have 69/78 hp.
A centaur comes into view.
You howl as the wereblood boils in your veins!
The centaur shouts!
You hear an angry hiss.
You hear a croak.
A howler monkey comes into view.
Items here: )) [ ††. 😕 HP[+1]
The centaur wields a +0 shortbow.
The centaur shoots an arrow.
The arrow hits you!
The howler monkey hoots and howls with incredible vigour!
A komodo dragon comes into view.
The centaur shoots an arrow.
The arrow hits you! 😮 HP[-17]
You take 17 damage, and now have 53/78 hp.
MASSIVE DAMAGE!! (PAUSE)
The komodo dragon hisses menacingly.
A wight comes into view.
It is wielding a +5 hand axe of freezing.
The centaur shoots an arrow.
The arrow hits you!
You hear a bellow! 😮 HP[-9]
You take 9 damage, and now have 44/78 hp.
You hear a shout!
The centaur shoots an arrow.
The arrow hits you!
* * * LOW HITPOINT WARNING * * *
The centaur shoots an arrow.
You block the arrow.
An orc warrior comes into view.
It is wielding a +0 hand axe. 😨 HP[-9] MP[+1]
You take 9 damage, and now have 35/78 hp.
It was a potion of resistance.
You feel protected.
You hit the komodo dragon. You freeze the komodo dragon.
The komodo dragon barely misses you. 😨 HP[+1]
You punch the komodo dragon! You freeze the komodo dragon.
The komodo dragon bites you!
* * * LOW HITPOINT WARNING * * *
😨 HP[-16]
You take 16 damage, and now have 20/78 hp.
MASSIVE DAMAGE!! (PAUSE)
You punch the komodo dragon!
The komodo dragon seems to slow down.
You freeze the komodo dragon. The komodo dragon bites you!!
You die...

Skill      XL: |  1  2  3  4  5  6  7  8  9 10 |
---------------+-------------------------------+-----
Transmutations | 2 3 4 5 6 8 |  8.6
Unarmed Combat | 3 4 5 6 |  6.4
Poison Magic   | 1 |  1.6
Spellcasting   | 3 4 5 6 |  6.0
Ice Magic      | 1 3 4 6 |  6.0
Fighting       | |  1.0
Dodging        | |  1.7

Action                   |  1- 3 |  4- 6 |  7- 9 | 10-12 || total
-------------------------+-------+-------+-------+-------++-------
Melee: Unarmed           |   137 |   156 |   240 |    13 ||   546
       Kick              |    29 |     4 |     4 |       ||    37
       Headbutt          |     8 |     8 |     1 |       ||    17
       Punch             |     2 |     1 |       |       ||     3
 Cast: Beastly Appendage |    26 |    12 |     3 |       ||    41
       Spider Form       |     1 |    15 |     3 |       ||    19
       Wereblood         |       |     2 |     6 |     1 ||     9
       Ice Form          |       |     1 |    22 |     1 ||    24
Evoke: Wand              |       |       |     3 |       ||     3
  Use: Scroll            |     5 |     2 |     9 |       ||    16
       Potion            |       |     1 |       |     1 ||     2
 Stab: Sleeping          |       |     1 |       |       ||     1
       Paralysed         |       |       |     5 |       ||     5
Armor: Robe              |    23 |    19 |     7 |       ||    49
       Skin              |       |    29 |   104 |     2 ||   135
Dodge: Dodged            |    78 |   103 |   116 |     1 ||   298
Block: Other             |    11 |    25 |    33 |     3 ||    72

Levels and vault maps discovered:
D:1:      evilmike_arrival_plus, layout_basic, minmay_misc_feat_square
D:2:      layout_loops_ring
D:3:      layout_rooms, ebering_ghost_sewer_f, serial_co_window_serial,
          co_window_paths_b, co_window_paths_b, co_window_paths_a,
          co_window_corner_a, co_window_corner_a, co_window_corner_a,
          co_window_of_opportunity_a, co_window_of_opportunity_b,
          co_window_of_opportunity_b, co_window_corner_cb, co_window_broadway_c,
          co_window_unsneaky_path_e, co_window_broadway_a, co_window_paths_d,
          co_window_paths_e, glass_columns_c, glass_columns_b, glass_columns_c,
          chequers_serial_rivers_marsh, st_stairs_9
D:4:      layout_gridville, serial_rivers, chequers_serial_rivers_micro_e,
          chequers_serial_rivers_room_b, chequers_serial_rivers_micro_b,
          chequers_serial_rivers_small_a, chequers_serial_rivers_micro_e,
          chequers_serial_rivers_large_a, cheibrodos_sewer_entry_bend,
          uniq_eustachio
D:5:      layout_cave_pools, serial_park, serial_park_square3
          [serial_park_minivault_5x5_5], serial_park_tiny_pond,
          serial_park_tiny_pond, serial_park_square2, serial_park_square1
          [serial_park_minivault_5x5_2]
D:6:      layout_loops_cross, grunt_temple_overflow_cloverleaf, temple_hall
D:7:      layout_basic, lemuel_crystal_altar
D:8:      layout_basic, dk_noncrumbling_2, amethyst_killhole, uniq_maurice,
          uniq_pikel, uniq_maggie
D:9:      layout_stronghold, minmay_misc_feat_alley, nzn_random_ring
Temple:   bh_familiar_temple

Notes
Turn   | Place    | Note
-------+----------+-------------------------------------------
     0 | D:1      | kae the Demonspawn Transmuter began the quest for the Orb.
     0 | D:1      | Reached XP level 1. HP: 15/15 MP: 3/3
     0 | D:1      | magus.rc [v1.11.3]
    73 | D:1      | Reached skill level 2 in Transmutations
   125 | D:1      | Gained mutation: You have an unusually large brain. (Int
                  | +2) [demonic ancestry]
   125 | D:1      | Reached XP level 2. HP: 21/21 MP: 3/5
   286 | D:1      | HP: 5/21 [dart slug (3)]
   371 | D:1      | Reached skill level 3 in Unarmed Combat
   741 | D:1      | Gained mutation: A meltable shield of frost defends you.
                  | (SH +4) [demonic ancestry]
   741 | D:1      | Reached XP level 3. HP: 19/26 MP: 4/6
  1165 | D:2      | Learned a level 2 spell: Wereblood
  1169 | D:2      | Learned a level 3 spell: Spider Form
  1804 | D:3      | Reached skill level 3 in Transmutations
  1804 | D:3      | Reached XP level 4. HP: 24/32 MP: 5/7
  1888 | D:3      | Found a runed translucent door.
  2034 | D:3      | Noticed ma3's ghost (amateur KoEn)
  2174 | D:3      | Found a runed translucent door.
  2296 | D:3      | Reached skill level 1 in Poison Magic
  2689 | D:3      | Learned a level 1 spell: Beastly Appendage
  2715 | D:4      | Noticed a necrophage
  2766 | D:4      | Killed a necrophage
  2767 | D:4      | Gained mutation: You have sharp fingernails. [demonic
                  | ancestry]
  2767 | D:4      | Reached XP level 5. HP: 32/37 MP: 1/9
  2943 | D:4      | Reached skill level 3 in Spellcasting
  2943 | D:4      | Reached skill level 4 in Transmutations
  2949 | D:4      | Noticed Eustachio
  2992 | D:4      | Killed Eustachio
  2993 | D:4      | Gained mutation: A meltable icy envelope protects you from
                  | harm. (AC +4) [demonic ancestry]
  2993 | D:4      | Reached XP level 6. HP: 29/43 MP: 3/10
  3031 | D:4      | Found a glowing drain.
  3052 | Sewer    | Entered a sewer
  3112 | Sewer    | Learned a level 4 spell: Ice Form
  3118 | Sewer    | Noticed Pargi
  3132 | Sewer    | Killed Pargi
  3133 | Sewer    | Reached skill level 4 in Unarmed Combat
  3133 | Sewer    | Reached skill level 1 in Ice Magic
  3328 | Sewer    | You pick up a book of Changes and begin reading...
  3586 | D:4      | Reached XP level 7. HP: 44/48 MP: 5/12
  4123 | D:5      | Entered Level 5 of the Dungeon
  4136 | D:5      | Reached skill level 5 in Transmutations
  4164 | D:5      | Reached skill level 2 in Ice Magic
  4202 | D:5      | Reached skill level 4 in Spellcasting
  4202 | D:5      | Reached skill level 3 in Ice Magic
  4202 | D:5      | Gained mutation: You have an extremely huge brain. (Int +4)
                  | [demonic ancestry]
  4202 | D:5      | Reached XP level 8. HP: 54/54 MP: 9/14
  4689 | D:6      | You fall into a shaft and drop 2 floors!
  4706 | D:8      | Reached skill level 6 in Transmutations
  4741 | D:7      | Reached skill level 4 in Ice Magic
  4883 | D:6      | Reached skill level 5 in Unarmed Combat
  5308 | D:6      | Gained mutation: You have very sharp fingernails. [demonic
                  | ancestry]
  5308 | D:6      | Reached XP level 9. HP: 59/59 MP: 12/16
  5329 | D:6      | Found an ornate altar of the Wu Jian Council.
  5343 | D:6      | Found a burning altar of Makhleb.
  5360 | D:6      | Found a shimmering blue altar of Sif Muna.
  5361 | D:6      | Found a radiant altar of Vehumet.
  5373 | D:6      | Reached skill level 7 in Transmutations
  5373 | D:6      | Reached skill level 5 in Ice Magic
  5383 | D:6      | Reached skill level 5 in Spellcasting
  5600 | D:6      | Found a staircase to the Ecumenical Temple.
  5721 | Temple   | Entered the Ecumenical Temple
  5904 | Temple   | Became a worshipper of Ru the Awakened
  6370 | D:7      | Found a shadowy altar of Dithmenos.
  6852 | D:8      | Noticed Pikel
  6868 | D:8      | Killed Pikel
  6932 | D:8      | Reached skill level 6 in Ice Magic
  6976 | D:8      | Noticed Maurice
  6985 | D:8      | Killed Maurice
  6986 | D:8      | Reached skill level 6 in Unarmed Combat
  6986 | D:8      | Reached skill level 8 in Transmutations
  7405 | D:8      | Noticed Maggie
  7573 | D:8      | Killed Maggie
  7859 | D:9      | Gained mutation: Spells you cast may paralyse adjacent
                  | enemies. [demonic ancestry]
  7859 | D:9      | Reached XP level 10. HP: 65/65 MP: 18/18
  8044 | D:9      | Reached skill level 6 in Spellcasting
  8052 | D:9      | Slain by a komodo dragon

Vanquished Creatures
  Pikel (D:8)
  Maurice (D:8)
  Maggie (D:8)
  Eustachio (D:4)
  3 water moccasins
  A sky beast (D:7)
  An orc warrior (D:9)
  Pargi (Sewer)
  3 ice beasts
  An ogre (D:5)
  3 centaurs
  A phantom (D:6)
  A bullfrog (D:9)
  2 necrophages
  5 scorpions
  8 wights
  A howler monkey (D:7)
  3 hounds (D:5)
  3 orc priests
  2 iguanas (D:6)
  11 orc wizards
  10 adders
  A shadow imp (D:7)
  A white imp (D:7)
  An ufetubus (D:4)
  5 worms
  2 dart slugs
  23 orcs
  6 ball pythons
  7 endoplasms
  7 giant cockroaches
  9 goblins
  8 hobgoblins
  5 jackals
  5 quokkas
  2 bats
  2 frilled lizards
  10 kobolds
  3 rats
161 creatures vanquished.

Table legend:
 A = Non-vault XP
 B = Vault XP
 C = Vault XP percentage of total XP
 D = Non-vault monster count
 E = Vault monster count
 F = Vault count percentage of total count
                 A         B        C        D         E       F
            +---------+---------+-------+---------+---------+-------
      Total |    3441 |    2336 |  40.4 |     138 |      23 |  14.3
            +---------+---------+-------+---------+---------+-------
        D:1 |      45 |       0 |   0.0 |      25 |       0 |   0.0
        D:2 |      29 |       0 |   0.0 |      10 |       0 |   0.0
        D:3 |      74 |       8 |   9.8 |      20 |       2 |   9.1
        D:4 |     252 |     195 |  43.6 |      26 |       3 |  10.3
        D:5 |     589 |     340 |  36.6 |       8 |       6 |  42.9
        D:6 |    1412 |       0 |   0.0 |      19 |       0 |   0.0
        D:7 |     423 |       0 |   0.0 |      15 |       0 |   0.0
        D:8 |     429 |    1411 |  76.7 |      10 |       3 |  23.1
        D:9 |     188 |     219 |  53.8 |       5 |       2 |  28.6
      Sewer |       0 |     163 | 100.0 |       0 |       7 | 100.0
            +---------+---------+-------+---------+---------+-------

Illustrated notes

Table legend:
 A = Kills in this place as a percentage of kills in entire the game.
 B = Kills by you in this place as a percentage of kills by you in the entire game.
 C = Kills by friends in this place as a percentage of kills by friends in the entire game.
 D = Other kills in this place as a percentage of other kills in the entire game.
 E = Experience gained in this place as a percentage of experience gained in the entire game.
 F = Experience gained in this place divided by the number of levels of this place that you have seen.
                   A       B       C       D       E      F
               +-------+-------+-------+-------+-------+----------------------
         Total | 100.0 | 100.0 |   N/A |   N/A | 100.0 | 525.2
       Dungeon |  95.7 |  95.7 |   N/A |   N/A |  97.2 | 623.8
         Sewer |   4.3 |   4.3 |   N/A |   N/A |   2.8 | 163.0
               +-------+-------+-------+-------+-------+----------------------

Table legend: (Time is in decaauts)
 A = Elapsed time spent in this place.
 B = Non-inter-level travel time spent in this place.
 C = Inter-level travel time spent in this place.
 D = Time resting spent in this place.
 E = Time spent auto-exploring this place.
 F = Levels seen in this place.
 G = Mean time per level.
                   A        B        C        D        E       F      G
               +--------+--------+--------+--------+--------+-----+--------+
         Total |   8039 |   7732 |    307 |    152 |   6057 |  11 |  730.8 |
       Dungeon |   7537 |   7268 |    269 |    152 |   5675 |   9 |  837.4 |
        Temple |    199 |    162 |     37 |      0 |    157 |   1 |  199.0 |
         Sewer |    302 |    302 |      0 |      0 |    225 |   1 |  302.0 |
               +--------+--------+--------+--------+--------+-----+--------+

Top non-repeatable levels by time:
     D:6: 1101 daAuts
     D:4: 1097 daAuts
     D:3: 1084 daAuts
     D:8: 975 daAuts
     D:1: 969 daAuts
     D:7: 814 daAuts
     D:2: 681 daAuts
     D:5: 542 daAuts
   Sewer: 302 daAuts
     D:9: 271 daAuts
  Temple: 199 daAuts
